[Event "ICC tourney 2692 (75 10)"]
[Site "Internet Chess Club"]
[Date "2021.09.25"]
[Round "1"]
[White "REMPE, JONAS JAKOB RAZA:Drachekokosnuss"]
[Black "JEGAN, ALAN:playtowin2020"]
[Result "0-1"]
[ICCResult "White resigns"]
[WhiteElo "2100"]
[BlackElo "1934"]
[Opening "Sicilian: accelerated fianchetto, modern variation with Bc4"]
[ECO "B35"]
[NIC "SI.33"]
[Time "11:01:54"]
[TimeControl "4500+10"]

1. e4 c5 2. Nf3 g6 3. d4 cxd4 4. Nxd4 Nc6 5. Nc3 Bg7 6. Be3 Nf6 7. Bc4 O-O
8. Bb3 a5 9. f3 d5 10. exd5 Nb4 11. Qd2 Nfxd5 12. O-O-O Nxe3 13. Qxe3 Qb6
14. Qe4 a4 15. Nd5 Nxd5 16. Bxd5 e5 17. Ne2 Bf5 18. Qh4 Qe3+ 19. Rd2 Rad8
20. Nc3 Bh6 21. Rd1 a3 {White resigns} 0-1

[Event "ICC tourney 2692 (75 10)"]
[Site "Internet Chess Club"]
[Date "2021.09.25"]
[Round "1"]
[White "JACOBSON, BRANDON:tactics321"]
[Black "REISS, AIDEN:K09-16581243"]
[Result "1-0"]
[ICCResult "Black resigns"]
[WhiteElo "2489"]
[BlackElo "2029"]
[Opening "English: symmetrical, four knights system"]
[ECO "A30"]
[NIC "QP.11"]
[Time "11:02:20"]
[TimeControl "4500+10"]

1. Nf3 Nf6 2. c4 c5 3. Nc3 Nc6 4. d4 cxd4 5. Nxd4 g6 6. e4 d6 7. Be2 Bg7 8.
Be3 O-O 9. O-O Nxd4 10. Bxd4 a5 11. h3 Nd7 12. Bxg7 Kxg7 13. Bg4 Nc5 14.
Bxc8 Rxc8 15. Qd4+ Kg8 16. b3 Qd7 17. Nd5 Rb8 18. e5 Ne6 19. Qd2 b5 20. exd6
Qxd6 21. Nf6+ Kg7 22. Qxd6 exd6 23. Nd7 bxc4 24. bxc4 Rb4 25. Nxf8 Kxf8 26.
Rfd1 Ke7 27. Rd5 a4 28. Rad1 Rxc4 29. Rxd6 Rc2 30. Rd7+ Kf6 31. R1d2 Rc1+
32. Kh2 Rc4 33. Ra7 Nd4 34. Rb2 Ke6 35. Rbb7 Nf5 36. Rxf7 Rc2 37. g4 Nd6 38.
Rf4 Rxa2 39. Raxa4 Re2 40. Ra7 h5 41. Rg7 hxg4 42. hxg4 Ke5 43. Rf8 Ne4 44.
Rxg6 Rxf2+ 45. Rxf2 Nxf2 46. Kg3 Ne4+ 47. Kh4 Nf2 48. g5 Ne4 49. Rb6 Kf5 50.
g6 Nf6 51. g7 Ng8 52. Rb8 Kg6 53. Rxg8 Kf7 54. Ra8 Kxg7 55. Kg5 Kh7 56. Ra7+
Kg8 57. Kf6 Kh8 58. Kg6 {Black resigns} 1-0

[Event "ICC tourney 2692 (75 10)"]
[Site "Internet Chess Club"]
[Date "2021.09.25"]
[Round "1"]
[White "SHAWKAT, SAIF:saif-shawkat"]
[Black "NESAMANI, VIGNESHWARAN:MARMAYOGI11"]
[Result "1-0"]
[ICCResult "Black resigns"]
[WhiteElo "1953"]
[BlackElo "2169"]
[Opening "English opening"]
[ECO "A20"]
[NIC "EO.24"]
[Time "11:01:51"]
[TimeControl "4500+10"]

1. c4 e5 2. g3 Nf6 3. Bg2 c6 4. d4 Bb4+ 5. Bd2 Qa5 6. dxe5 Bxd2+ 7. Qxd2
Qxe5 8. Nc3 Na6 9. Nf3 Qe7 10. O-O O-O 11. Rad1 Nc5 12. Nh4 g6 13. Rfe1 Nce4
14. Nxe4 Nxe4 15. Qe3 Re8 16. Rd4 Nf6 17. Qg5 Qe5 18. Nf3 Qxg5 19. Nxg5 h6
20. Nh3 d5 21. cxd5 Bxh3 22. Bxh3 Nxd5 23. e4 Nb6 24. Bg2 Rad8 25. Red1 Rxd4
26. Rxd4 Kf8 27. f4 Ke7 28. Kf2 c5 29. Rd1 Rd8 30. Rxd8 Kxd8 31. b3 Nc8 32.
e5 b5 33. Ke3 Nb6 34. Bc6 a6 35. Ke4 b4 36. g4 Ke7 37. h4 a5 38. Bb5 f6 39.
exf6+ Kxf6 40. g5+ hxg5 41. hxg5+ Ke7 42. Ke5 a4 43. Bd3 Kf7 44. Kd6 c4 45.
bxc4 b3 46. axb3 axb3 47. c5 {Black resigns} 1-0

[Event "ICC tourney 2692 (75 10)"]
[Site "Internet Chess Club"]
[Date "2021.09.25"]
[Round "1"]
[White "HEBBAR, ESHAAN:solveur"]
[Black "PARK, EVAN:espark"]
[Result "0-1"]
[ICCResult "White resigns"]
[WhiteElo "1986"]
[BlackElo "2230"]
[Opening "Dutch: Leningrad, main variation with c6"]
[ECO "A88"]
[NIC "HD.05"]
[Time "11:02:27"]
[TimeControl "4500+10"]

1. d4 f5 2. c4 Nf6 3. Nc3 g6 4. g3 Bg7 5. Bg2 d6 6. Nf3 O-O 7. O-O c6 8. e3
Na6 9. a3 Bd7 10. b4 b5 11. cxb5 cxb5 12. Qb3+ e6 13. Ng5 d5 14. Nf3 Kh8 15.
Ne5 Nc7 16. Nxd7 Qxd7 17. a4 a6 18. Bb2 Rfc8 19. Rfc1 Nce8 20. axb5 axb5 21.
Bf1 Nd6 22. Ra5 Rab8 23. Qa2 Nc4 24. Bxc4 Rxc4 25. Ra7 Qc8 26. Qa1 Bf8 27.
Rf7 Ra8 28. Qb1 Ne4 29. Nxe4 fxe4 30. Rxc4 Qxc4 31. Rf6 Qc6 32. f3 Bg7 33.
Rf7 Kg8 34. Rxg7+ Kxg7 35. fxe4 Rc8 36. exd5 exd5 37. e4 Qc2 38. Qa1 Qxe4
39. Qa7+ Kg8 40. Qd7 Rf8 {White resigns} 0-1

[Event "ICC tourney 2692 (75 10)"]
[Site "Internet Chess Club"]
[Date "2021.09.25"]
[Round "1"]
[White "LIANG, JASON:Jupiter435"]
[Black "LYNN, BENNETT:ben622"]
[Result "1-0"]
[ICCResult "Black resigns"]
[WhiteElo "2316"]
[BlackElo "2010"]
[Opening "Alekhine's defense: modern, Larsen variation"]
[ECO "B04"]
[NIC "AL.05"]
[Time "11:01:53"]
[TimeControl "4500+10"]

1. e4 Nf6 2. e5 Nd5 3. d4 d6 4. Nf3 dxe5 5. Nxe5 c6 6. Be2 Nd7 7. Nf3 g6 8.
c4 N5f6 9. Nc3 Bg7 10. O-O O-O 11. Re1 Re8 12. Bf1 Nb6 13. h3 Be6 14. Rxe6
fxe6 15. Qe2 e5 16. dxe5 Nfd7 17. Bf4 Rf8 18. Qe3 Nc5 19. Rd1 Qc7 20. Bg3
Ne6 21. c5 Nd5 22. Nxd5 cxd5 23. Rxd5 Kh8 24. Bc4 b6 25. b4 a5 26. Rd2 Nd8
27. e6 axb4 28. Bxc7 {Black resigns} 1-0

[Event "ICC tourney 2692 (75 10)"]
[Site "Internet Chess Club"]
[Date "2021.09.25"]
[Round "1"]
[White "JORAJURIA MENDOZA, ALGOL:AJM04"]
[Black "HEBDEN, MARK L:mhebden"]
[Result "0-1"]
[ICCResult "White resigns"]
[WhiteElo "2050"]
[BlackElo "2503"]
[Opening "Ruy Lopez: closed, anti-Marshall 8.a4"]
[ECO "C88"]
[NIC "RL.18"]
[Time "11:02:45"]
[TimeControl "4500+10"]

1. e4 e5 2. Nf3 Nc6 3. Bb5 a6 4. Ba4 Nf6 5. O-O Be7 6. Re1 b5 7. Bb3 O-O 8.
a4 Bb7 9. d3 d6 10. Nbd2 Na5 11. Ba2 c5 12. Nf1 b4 13. Ne3 Rb8 14. Nf5 Bc8
15. N3h4 b3 16. cxb3 Be6 17. Bg5 Nc6 18. Re3 Ne8 19. Bxe7 Nxe7 20. g4 Ng6
21. Ng2 Rb4 22. Rh3 Nf4 23. Nxf4 exf4 24. Qf3 g5 25. Rh6 f6 26. h4 Bf7 27.
hxg5 fxg5 28. Rxh7 Kxh7 29. Qh3+ Kg8 30. Nh6+ Kg7 31. Nf5+ Kf6 32. e5+ Ke6
33. Qh6+ Kd7 34. Qxf8 Be6 35. Nxd6 Qe7 36. Qxe7+ Kxe7 37. Nxe8 Kxe8 38. Rc1
f3 39. Rxc5 Rxg4+ 40. Kf1 Rd4 41. Bb1 Rh4 42. Ke1 Rh1+ 43. Kd2 Rxb1 44. Ke3
g4 45. Rc6 Kf7 46. Kf4 Rxb2 47. Kg3 Rxb3 {White resigns} 0-1

[Event "ICC tourney 2692 (75 10)"]
[Site "Internet Chess Club"]
[Date "2021.09.25"]
[Round "1"]
[White "SHEEHAN, ETHAN THOMAS:Chessking2008"]
[Black "HU, ALEXANDER C:ahu1015"]
[Result "1-0"]
[ICCResult "Black resigns"]
[WhiteElo "2180"]
[BlackElo "1965"]
[Opening "Neo-Grünfeld, 6.cd Nxd5, 7.O-O"]
[ECO "D74"]
[NIC "QP.11"]
[Time "11:01:50"]
[TimeControl "4500+10"]

1. Nf3 Nf6 2. g3 g6 3. Bg2 Bg7 4. O-O O-O 5. c4 d5 6. cxd5 Nxd5 7. d4 Nc6 8.
e4 Nb6 9. d5 Na5 10. Qe1 Nac4 11. Nc3 e6 12. b3 Ne5 13. Nxe5 Bxe5 14. dxe6
Bxe6 15. Be3 Qd3 16. Rc1 c6 17. f4 Bg7 18. e5 Rad8 19. Ne4 Nd7 20. Nd6 Qa6
21. Rf2 f6 22. Bf1 b5 23. a4 Rb8 24. Ra1 c5 25. axb5 Qb6 26. Ra6 Qd8 27. Nc4
Qe7 28. Na5 Rb6 29. Nc6 Qe8 30. Rxa7 Bxb3 31. Qa5 fxe5 32. Rxd7 Qxd7 33.
Qxb6 exf4 34. Bxf4 Bd5 35. Qxc5 Bxc6 36. bxc6 Bd4 37. Qc4+ Qf7 38. Qxd4
{Black resigns}
1-0

[Event "ICC tourney 2692 (75 10)"]
[Site "Internet Chess Club"]
[Date "2021.09.25"]
[Round "1"]
[White "LENDERMAN, ALEKSANDR:manest"]
[Black "Vittal, Sanjana:MCTS13"]
[Result "1-0"]
[ICCResult "Black resigns"]
[WhiteElo "2543"]
[BlackElo "2056"]
[Opening "Réti opening"]
[ECO "A06"]
[NIC "QP.09"]
[Time "11:01:56"]
[TimeControl "4500+10"]

1. Nf3 d5 2. e3 Nf6 3. c4 e6 4. Nc3 c6 5. b3 Bd6 6. Bb2 O-O 7. d4 a5 8. Bd3
Nbd7 9. O-O Qe7 10. Qc2 e5 11. cxd5 cxd5 12. Be2 e4 13. Nd2 Nb6 14. Nb5 Bg4
15. Qd1 Bxe2 16. Qxe2 a4 17. Nxd6 Qxd6 18. Rfc1 Nfd7 19. Qb5 f5 20. Bc3 Rfc8
21. Bb4 Qe6 22. Rxc8+ Rxc8 23. bxa4 f4 24. a5 Nc4 25. Nxc4 dxc4 26. exf4 c3
27. f5 Qf7 28. Rc1 c2 29. h3 Nf6 30. Qa4 Nd5 31. Bc5 Qxf5 32. Rxc2 Qf7 33.
Qb3 Rc6 34. Bd6 Rxc2 35. Qxc2 Qe6 36. Be5 Nf6 37. Bxf6 gxf6 38. Qb3 Qf7 39.
Kf1 Kf8 40. Qxf7+ Kxf7 41. Ke2 Ke6 42. Ke3 f5 43. g4 Kf6 44. Kf4 fxg4 45.
hxg4 Kg6 46. Kxe4 Kg5 47. d5 Kf6 48. f4 Ke7 49. Ke5 Kd7 50. f5 {Black
resigns} 1-0

[Event "ICC tourney 2692 (75 10)"]
[Site "Internet Chess Club"]
[Date "2021.09.25"]
[Round "1"]
[White "MYSORE, ABHINAV NAVEEN:Mapking1"]
[Black "IVANOV, ALEXANDER:marble"]
[Result "0-1"]
[ICCResult "White resigns"]
[WhiteElo "2012"]
[BlackElo "2422"]
[Opening "Robatsch defense: two knights, Suttles variation"]
[ECO "B06"]
[NIC "KF.05"]
[Time "11:01:57"]
[TimeControl "4500+10"]

1. e4 g6 2. d4 Bg7 3. Nc3 c6 4. Nf3 d6 5. Be2 Bg4 6. Be3 d5 7. Qd2 e6 8. O-O
Nd7 9. a4 a5 10. Rfe1 Ne7 11. h3 Bxf3 12. Bxf3 O-O 13. Rad1 Nb6 14. b3 dxe4
15. Bxe4 Re8 16. Bh6 Qd6 17. Bxg7 Kxg7 18. h4 h6 19. g3 Qb4 20. Ne2 Qxd2 21.
Rxd2 Rad8 22. Red1 Rd7 23. c4 Red8 24. c5 Nbd5 25. Bxd5 Nxd5 26. Kg2 e5 27.
Kf3 Nf6 28. b4 axb4 29. Rb1 e4+ 30. Kf4 Rd5 31. Ke3 Rf5 32. Ng1 Nd5+
{White resigns}
0-1

[Event "ICC tourney 2692 (75 10)"]
[Site "Internet Chess Club"]
[Date "2021.09.25"]
[Round "1"]
[White "Gaw, Chloe:HarleyQueen8"]
[Black "NGUYEN, TIEN:ngthanhthuytien"]
[Result "1-0"]
[ICCResult "Black forfeits on time"]
[WhiteElo "1922"]
[BlackElo "2100"]
[Opening "Grünfeld: exchange variation"]
[ECO "D85"]
[NIC "GI.03"]
[Time "11:01:59"]
[TimeControl "4500+10"]

1. d4 Nf6 2. c4 g6 3. Nc3 d5 4. cxd5 Nxd5 5. Nf3 Bg7 6. Qa4+ c6 7. e4 Nxc3
8. bxc3 O-O 9. Be2 c5 10. O-O Qc7 11. Be3 Nc6 12. Rac1 b6 13. Qa3 Bb7 14.
dxc5 Ne5 15. Qb4 bxc5 16. Qxc5 Rfc8 17. Qxc7 Rxc7 18. Bf4 Nxf3+ 19. Bxf3 Rc4
20. Rfd1 Bxe4 21. Bxe4 Rxe4 22. Be3 Ra4 23. c4 Rxa2 24. c5 Be5 25. f4 Bb2
26. Rc2 Ra1 27. Rxa1 Bxa1 28. c6 a5 29. c7 Rc8 30. Bb6 e5 31. fxe5 Bxe5 32.
Kf1 Bxh2 33. Bxa5 Kg7 34. Rd2 Bxc7 35. Rc2 Bxa5 36. Rxc8 h5 37. Ke2 Bb6 38.
Rc6 Bd4 39. Kf3 f6 40. Rc4 Be5 41. Rc5 Kh6 42. Rb5 g5 43. Ke4 Kg6 44. Rc5 g4
45. Rd5 Kg5 46. Rd8 Kh4 47. Rh8 Bc3 48. Kf5 Be5 49. Kg6 Kg3 50. Kxh5 f5 51.
Re8 Bd4 52. Rg8 Be3 53. Rf8 {Black forfeits on time} 1-0

[Event "ICC tourney 2692 (75 10)"]
[Site "Internet Chess Club"]
[Date "2021.09.25"]
[Round "2"]
[White "SHAWKAT, SAIF:saif-shawkat"]
[Black "JACOBSON, BRANDON:tactics321"]
[Result "0-1"]
[ICCResult "White resigns"]
[WhiteElo "1953"]
[BlackElo "2489"]
[Opening "English opening"]
[ECO "A20"]
[NIC "EO.24"]
[Time "14:31:06"]
[TimeControl "4500+10"]

1. c4 e5 2. g3 Nf6 3. Bg2 c6 4. d4 e4 5. Nc3 Bb4 6. f3 d5 7. fxe4 Nxe4 8.
Bd2 Bxc3 9. bxc3 O-O 10. Nf3 Nd7 11. cxd5 cxd5 12. O-O Nb6 13. Qc1 Nc4 14.
Be1 Re8 15. Qf4 f6 16. h4 Qd6 17. Qxd6 Nexd6 18. Nd2 Ne3 19. Rf2 Nxg2 20.
Kxg2 Bg4 21. Nf3 Rac8 22. Rb1 b6 23. Ng1 h5 24. Rb2 Ne4 25. Rf4 Nxc3 26. Rc2
Ne4 27. Rxc8 Rxc8 28. Nh3 Rc1 29. Bb4 a5 30. Be7 Kf7 31. Bd8 Bxh3+ 32. Kxh3
Rc6 33. Rf5 Ke8 34. Rxd5 Nc3 35. Rxh5 Kxd8 36. Rh7 Rc7 37. h5 Rd7
{White resigns}
0-1

[Event "ICC tourney 2692 (75 10)"]
[Site "Internet Chess Club"]
[Date "2021.09.25"]
[Round "2"]
[White "JEGAN, ALAN:playtowin2020"]
[Black "LIANG, JASON:Jupiter435"]
[Result "0-1"]
[ICCResult "White resigns"]
[WhiteElo "1934"]
[BlackElo "2316"]
[Opening "Sicilian: closed"]
[ECO "B23"]
[NIC "SI.44"]
[Time "14:30:18"]
[TimeControl "4500+10"]

1. e4 c5 2. Nc3 e6 3. f4 d5 4. Nf3 dxe4 5. Bb5+ Bd7 6. Bxd7+ Qxd7 7. Nxe4
Nc6 8. d3 Nf6 9. Qe2 Be7 10. Be3 b6 11. Rd1 Rd8 12. O-O O-O 13. h3 Nd5 14.
Bc1 Rfe8 15. Ne5 Qc7 16. Nxc6 Qxc6 17. c4 Nf6 18. b3 Rd7 19. Bb2 Nxe4 20.
dxe4 Red8 21. Rxd7 Qxd7 22. Qg4 Bf8 23. f5 exf5 24. exf5 Re8 25. Qg3 Kh8 26.
Qf2 Qd3 27. Qf3 Qc2 28. Rf2 Qb1+ 29. Kh2 Bd6+ 30. g3 Bf8 31. Qd5 Kg8 32. Bc3
Qc1 33. Bb2 Qe1 34. Qd2 Qb1 35. Qg5 Re1 36. Kg2 Qe4+ {White resigns} 0-1

[Event "ICC tourney 2692 (75 10)"]
[Site "Internet Chess Club"]
[Date "2021.09.25"]
[Round "2"]
[White "NESAMANI, VIGNESHWARAN:MARMAYOGI11"]
[Black "MYSORE, ABHINAV NAVEEN:Mapking1"]
[Result "0-1"]
[ICCResult "White resigns"]
[WhiteElo "2169"]
[BlackElo "2012"]
[Opening "Sicilian defense"]
[ECO "B20"]
[NIC "SI.48"]
[Time "14:30:24"]
[TimeControl "4500+10"]

1. e4 c5 2. b3 Nc6 3. Bb2 d6 4. f4 e6 5. Nf3 Nf6 6. Nc3 Be7 7. g3 O-O 8. Bg2
a6 9. O-O Qc7 10. h3 b5 11. d3 Bb7 12. a4 Qb6 13. Kh2 Rfd8 14. Qe2 Rac8 15.
Rab1 d5 16. e5 Nd7 17. f5 d4 18. fxe6 fxe6 19. axb5 axb5 20. Nd1 Qc7 21. Re1
Rf8 22. Bc1 Rf5 23. Bf4 g5 24. Bd2 Ncxe5 25. Nxe5 Nxe5 26. Bxb7 Qxb7 27.
Qxe5 Rxe5 28. Rxe5 {White resigns} 0-1

[Event "ICC tourney 2692 (75 10)"]
[Site "Internet Chess Club"]
[Date "2021.09.25"]
[Round "2"]
[White "PARK, EVAN:espark"]
[Black "LENDERMAN, ALEKSANDR:manest"]
[Result "0-1"]
[ICCResult "White resigns"]
[WhiteElo "2230"]
[BlackElo "2543"]
[Opening "Pirc defense"]
[ECO "B07"]
[NIC "PU.08"]
[Time "14:30:30"]
[TimeControl "4500+10"]

1. e4 d6 2. d4 Nf6 3. Nc3 e5 4. Nge2 Be7 5. g3 O-O 6. Bg2 c6 7. a4 a5 8. O-O
Na6 9. h3 Re8 10. Be3 Nb4 11. g4 exd4 12. Bxd4 d5 13. e5 Nd7 14. f4 Bc5 15.
g5 b6 16. Ng3 Bxd4+ 17. Qxd4 Nxc2 18. Qf2 Nxa1 19. Rxa1 Nc5 20. Nce2 Nd3 21.
Qd4 Nc5 22. Qf2 Nd3 23. Qd4 Nb4 24. Qf2 Qe7 25. Kh2 Qc5 26. Qf3 Qc2 27. Nd4
Qxb2 28. Rd1 Bd7 29. Nh5 c5 30. Nb5 Bxb5 31. axb5 a4 32. Qg4 Kh8 33. Qd7 Rf8
34. Qd6 Qe2 35. Nxg7 Kxg7 36. f5 Kg8 37. Rd2 Qxd2 38. Qh6 Qf4+ 39. Kh1
{White resigns}
0-1

[Event "ICC tourney 2692 (75 10)"]
[Site "Internet Chess Club"]
[Date "2021.09.25"]
[Round "2"]
[White "REISS, AIDEN:K09-16581243"]
[Black "REMPE, JONAS JAKOB RAZA:Drachekokosnuss"]
[Result "1-0"]
[ICCResult "Black resigns"]
[WhiteElo "2029"]
[BlackElo "2100"]
[Opening "Two knights defense"]
[ECO "C55"]
[NIC "IG.01"]
[Time "14:30:17"]
[TimeControl "4500+10"]

1. e4 e5 2. Bc4 Nf6 3. Nf3 Nc6 4. O-O Be7 5. d3 d6 6. a3 O-O 7. Nc3 Be6 8.
Bg5 Nd7 9. Bxe7 Qxe7 10. Nd5 Qd8 11. Qd2 Nb6 12. b4 Ne7 13. Nxb6 axb6 14.
Bxe6 fxe6 15. d4 exd4 16. Nxd4 Qd7 17. Qe2 Ng6 18. g3 e5 19. Nf5 Rxf5 20.
exf5 Qxf5 21. Qc4+ Kh8 22. Qxc7 Qf3 23. Rfd1 Rf8 24. Qxb6 Nf4 25. gxf4 Qg4+
26. Kf1 exf4 27. f3 Qxf3+ 28. Qf2 Qh1+ 29. Ke2 Qe4+ 30. Kd2 Rc8 31. c3 d5
32. Re1 Qc4 33. Qd4 Qb3 34. Rab1 Qa2+ 35. Kd3 h6 36. Ra1 Qxh2 37. Rh1 Qg3+
38. Kc2 Qg2+ 39. Kb3 Rc4 40. Qe5 Re4 41. Rxh6+ Kg8 42. Qxd5+ Kf8 43. Rh8+
Ke7 {Black resigns} 1-0

[Event "ICC tourney 2692 (75 10)"]
[Site "Internet Chess Club"]
[Date "2021.09.25"]
[Round "2"]
[White "Vittal, Sanjana:MCTS13"]
[Black "HEBBAR, ESHAAN:solveur"]
[Result "1-0"]
[ICCResult "Black resigns"]
[WhiteElo "2056"]
[BlackElo "1986"]
[Opening "Vienna game"]
[ECO "C28"]
[NIC "IG.04"]
[Time "14:30:32"]
[TimeControl "4500+10"]

1. e4 e5 2. Bc4 Nc6 3. Nc3 Nf6 4. d3 Bc5 5. f4 d6 6. Nf3 a6 7. Nd5 Ng4 8.
Ng5 O-O 9. f5 Nf6 10. Nxf6+ Qxf6 11. Qh5 h6 12. h4 Nd4 13. Nh7 Kxh7 14. Bg5
Nxc2+ 15. Kd2 Bxf5 16. Bxf6 Bg6 17. Qf3 Nxa1 18. Be7 Bb4+ 19. Kc1 Rfe8 20.
Bxf7 Rxe7 21. Bxg6+ Kh8 22. Rf1 Rg8 23. Qh5 c5 24. Bf5 {Black resigns} 1-0

[Event "ICC tourney 2692 (75 10)"]
[Site "Internet Chess Club"]
[Date "2021.09.25"]
[Round "2"]
[White "IVANOV, ALEXANDER:marble"]
[Black "Gaw, Chloe:HarleyQueen8"]
[Result "1-0"]
[ICCResult "Black checkmated"]
[WhiteElo "2422"]
[BlackElo "1922"]
[Opening "Sicilian"]
[ECO "B50"]
[NIC "SI.01"]
[Time "14:30:15"]
[TimeControl "4500+10"]

1. e4 c5 2. Nf3 d6 3. c3 Nf6 4. Bd3 Nc6 5. Bc2 e6 6. d4 cxd4 7. cxd4 d5 8.
e5 Ne4 9. O-O Be7 10. Re1 Ng5 11. Nxg5 Bxg5 12. Nc3 Bxc1 13. Rxc1 Qb6 14.
Ba4 a6 15. Bxc6+ bxc6 16. Na4 Qc7 17. Nc5 a5 18. Rc3 Ba6 19. Qg4 O-O 20. Rg3
g6 21. h4 Qe7 22. h5 Kg7 23. Ree3 a4 24. Rgf3 Bc4 25. Rf6 Rg8 26. hxg6 hxg6
27. Nxe6+ Qxe6 28. Rxe6 fxe6 29. Qxe6 Raf8 30. Qxc6 Bxa2 31. e6 Rc8 32. Qd7+
Kh6 33. Rh3+ Kg5 34. Qe7+ Kf5 35. Rf3+ Kg4 36. Qf6 Rcf8 37. Rg3+ Kh5 38.
Qg5# {Black checkmated} 1-0

[Event "ICC tourney 2692 (75 10)"]
[Site "Internet Chess Club"]
[Date "2021.09.25"]
[Round "2"]
[White "Belous, Vladimir:Openyagami"]
[Black "YERRA, SAI SNEHA:saisneha"]
[Result "1-0"]
[ICCResult "Black resigns"]
[WhiteElo "2614"]
[BlackElo "1920"]
[Opening "English opening"]
[ECO "A20"]
[NIC "EO.24"]
[Time "14:30:15"]
[TimeControl "4500+10"]

1. c4 e5 2. g3 Nf6 3. Bg2 d5 4. cxd5 Nxd5 5. Nf3 Nc6 6. O-O Be7 7. d4 exd4
8. Nxd4 Nxd4 9. Qxd4 Nf6 10. Qa4+ c6 11. Rd1 Qb6 12. Be3 Qc7 13. Nc3 O-O 14.
Rac1 Be6 15. Nb5 cxb5 16. Rxc7 bxa4 17. Rxe7 Rfd8 18. Rxd8+ Rxd8 19. h3 Bxa2
20. Rxb7 a6 21. Bd4 h6 22. e3 Bc4 23. g4 Bb5 24. Kh2 Re8 25. Bxf6 gxf6 26.
Bd5 Rd8 27. e4 Rd7 28. Rxd7 Bxd7 29. Kg3 Kf8 30. Kf4 Ke7 31. Ke3 Bb5 32. f3
Be8 33. Kd4 Kd6 34. f4 a5 35. Ba2 Kc6 36. e5 fxe5+ 37. Kxe5 Kc5 38. g5 h5
39. f5 Kb4 40. Kf6 a3 41. bxa3+ Kxa3 42. Bxf7 Bxf7 43. Kxf7 Kb2 44. g6 a4
45. g7 a3 46. g8=Q a2 47. Qg2+ Kb1 48. Qf1+ Kb2 49. Qe2+ Kb1 50. Qxh5 a1=Q
51. Qd1+ Kb2 52. Qxa1+ Kxa1 53. Ke6 {Black resigns} 1-0

[Event "ICC tourney 2692 (75 10)"]
[Site "Internet Chess Club"]
[Date "2021.09.25"]
[Round "2"]
[White "HEBDEN, MARK L:mhebden"]
[Black "SHEEHAN, ETHAN THOMAS:Chessking2008"]
[Result "1-0"]
[ICCResult "Black resigns"]
[WhiteElo "2503"]
[BlackElo "2180"]
[Opening "QGD: 6.Nf3"]
[ECO "D55"]
[NIC "QP.04"]
[Time "14:30:25"]
[TimeControl "4500+10"]

1. d4 Nf6 2. Nf3 e6 3. Bg5 d5 4. c4 Be7 5. e3 O-O 6. Nc3 b6 7. Bd3 Bb7 8.
O-O Nbd7 9. Qe2 h6 10. Bf4 c5 11. cxd5 cxd4 12. exd4 Nxd5 13. Bg3 N7f6 14.
Rac1 Nb4 15. Bc4 Bxf3 16. gxf3 Rc8 17. Rfd1 Nfd5 18. a3 Nxc3 19. bxc3 Nd5
20. a4 Bg5 21. Rc2 Qf6 22. Rb1 Nf4 23. Qf1 Qf5 24. Bb3 Nd5 25. c4 Nb4 26.
Rcb2 Rfd8 27. Rd1 Qxf3 28. Qe2 Qf5 29. Kg2 Rd7 30. h4 Bf6 31. Rbd2 Rcd8 32.
d5 exd5 33. cxd5 Nxd5 34. Qf3 Nf4+ 35. Qxf4 Qxf4 36. Bxf4 Rxd2 37. Bxd2 Bxh4
38. Bf4 Rxd1 39. Bxd1 Bd8 40. Kf3 a6 41. Bd2 h5 42. Be2 a5 43. Ke4 g6 44.
Kd5 h4 45. Bg4 f5 46. Bh3 Kf7 47. Be3 Be7 48. Bxb6 Bb4 49. Bd8 Bd2 50. Kd4
Ke6 51. Kd3 Be1 52. Bxh4 Kd5 53. Bg2+ Kc5 54. Be7+ Kb6 55. f3 Bg3 56. Bd8+
Ka6 57. Kd4 Be1 58. Ke5 {Black resigns} 1-0

[Event "ICC tourney 2692 (75 10)"]
[Site "Internet Chess Club"]
[Date "2021.09.25"]
[Round "2"]
[White "Volkov, Sergey:Volkov"]
[Black "HO, COOPER:arsenicblast"]
[Result "1-0"]
[ICCResult "Black resigns"]
[WhiteElo "2607"]
[BlackElo "2045"]
[Opening "QGD Slav defense: exchange variation"]
[ECO "D10"]
[NIC "SL.01"]
[Time "14:31:06"]
[TimeControl "4500+10"]

1. d4 d5 2. c4 c6 3. cxd5 cxd5 4. Bf4 Nf6 5. Nc3 Nc6 6. e3 Bf5 7. Qb3 Na5 8.
Qa4+ Bd7 9. Qc2 Rc8 10. Bd3 e6 11. Nf3 b5 12. a3 Be7 13. O-O O-O 14. Ne5 Nc4
15. Rfc1 a5 16. Qe2 b4 17. axb4 axb4 18. Nxd7 Nxd7 19. Na4 Ndb6 20. Nxb6
Nxb6 21. Rxc8 Nxc8 22. Ra8 Bd6 23. Rxc8 Qxc8 24. Bxd6 Rd8 25. Bc5 Qa8 26.
Ba6 Rb8 27. b3 Qc6 28. g3 e5 29. Kg2 e4 30. Qf1 f5 31. h4 g6 32. Be2 Kg7 33.
Qa1 Qa8 34. Qxa8 Rxa8 35. Bb5 Kf6 36. Bc6 Rd8 37. Bxb4 Ke6 38. Bc5 Rc8 39.
Ba4 Ra8 40. Kh3 h6 41. g4 fxg4+ 42. Kxg4 g5 43. hxg5 hxg5 44. f3 exf3 45.
Kxf3 Kf5 46. Bd7+ Kf6 47. b4 Rd8 48. Bg4 Rb8 49. Kf2 Rb7 50. Be2 Kf5 51. b5
g4 52. b6 Kg5 53. Kg3 {Black resigns} 1-0

[Event "ICC tourney 2692 (75 10)"]
[Site "Internet Chess Club"]
[Date "2021.09.25"]
[Round "2"]
[White "LYNN, BENNETT:ben622"]
[Black "JORAJURIA MENDOZA, ALGOL:AJM04"]
[Result "0-1"]
[ICCResult "White resigns"]
[WhiteElo "2010"]
[BlackElo "2050"]
[Opening "Sicilian: Pelikan, Chelyabinsk variation"]
[ECO "B33"]
[NIC "SI.37"]
[Time "14:30:17"]
[TimeControl "4500+10"]

1. e4 c5 2. Nf3 Nc6 3. d4 cxd4 4. Nxd4 Nf6 5. Nc3 e5 6. Ndb5 d6 7. Bg5 a6 8.
Na3 b5 9. Nd5 Be7 10. Bxf6 Bxf6 11. c3 O-O 12. Nc2 Rb8 13. a4 bxa4 14. Rxa4
Rxb2 15. Bxa6 Bd7 16. Qc1 Rb8 17. Ra3 Bg5 18. Qd1 Be6 19. O-O Bxd5 20. Qxd5
Ne7 21. Qa2 Qb6 22. Bc4 Qc6 23. Bd5 Nxd5 24. exd5 Qc5 25. Nb4 Rb5 26. Ra8 g6
27. Rxf8+ Kxf8 28. Qa8+ Kg7 29. Qc6 Bd2 30. Na6 Qxd5 31. Qe8 Qb7 32. Nc7 Rb1
33. Qe7 Rxf1+ 34. Kxf1 Qb1+ 35. Ke2 Qe1+ 36. Kd3 e4+ 37. Qxe4 Qb1+ 38. Kd4
Bxc3+ 39. Ke3 Qb6+ {White resigns} 0-1

[Event "ICC tourney 2692 (75 10)"]
[Site "Internet Chess Club"]
[Date "2021.09.25"]
[Round "2"]
[White "HO, CARTER:corviknight"]
[Black "TURCOTTE,JONATHAN:JonnyTurgi"]
[Result "1/2-1/2"]
[ICCResult "Game drawn by mutual agreement"]
[WhiteElo "1903"]
[BlackElo "2062"]
[Opening "Caro-Kann: exchange variation"]
[ECO "B13"]
[NIC "CK.02"]
[Time "14:30:12"]
[TimeControl "4500+10"]

1. e4 c6 2. d4 d5 3. exd5 cxd5 4. Bd3 Nc6 5. c3 Qc7 6. Ne2 Bg4 7. O-O Nf6 8.
Qe1 Bh5 9. f3 Bg6 10. Nf4 Bxd3 11. Nxd3 e6 12. Bf4 Bd6 13. Bxd6 Qxd6 14. Nd2
O-O 15. Qh4 Ne7 16. Rae1 Ng6 17. Qf2 Nf4 18. Ne5 Nd7 19. Nxd7 Qxd7 20. Qe3
Ng6 21. f4 Rfe8 22. Nf3 f6 23. h3 Nh8 24. g4 Nf7 25. Rf2 Nd6 26. Nd2 f5 27.
Rg2 Ne4 28. Nxe4 fxe4 29. h4 Rf8 30. Rf1 Rf7 31. Kh2 Raf8 32. Kg3 b5 33. h5
Qd6 34. Rgf2 a5 35. b3 Rc8 36. Rc1 g5 37. hxg6 hxg6 38. g5 Rh7 39. Rcc2 Qa3
40. Rh2 Rcc7 41. Rxh7 Rxh7 42. Qe2 Qd6 43. a4 bxa4 44. bxa4 Rb7 45. Rb2 Rxb2
46. Qxb2 Qc7 47. Kg4 Kf7 48. Qh2 Kg8 49. Qb2 Qf7 50. Qb8+ Kh7 51. Qe5 Qf5+
52. Qxf5 gxf5+ 53. Kg3 {Game drawn by mutual agreement} 1/2-1/2

[Event "ICC tourney 2692 (75 10)"]
[Site "Internet Chess Club"]
[Date "2021.09.25"]
[Round "3"]
[White "HEBBAR, ESHAAN:solveur"]
[Black "NESAMANI, VIGNESHWARAN:MARMAYOGI11"]
[Result "1-0"]
[ICCResult "Black resigns"]
[WhiteElo "1986"]
[BlackElo "2169"]
[Opening "QGD semi-Slav"]
[ECO "D43"]
[NIC "QO.16"]
[Time "18:00:10"]
[TimeControl "4500+10"]

1. d4 d5 2. c4 e6 3. Nc3 Nf6 4. Nf3 c6 5. Bf4 dxc4 6. e3 b5 7. a4 Bb4 8. Qc2
a6 9. axb5 cxb5 10. Nd2 Bb7 11. Bg5 Nbd7 12. e4 h6 13. Be3 e5 14. d5 Ng4 15.
Nd1 Nxe3 16. Nxe3 Nc5 17. Rd1 Nb3 18. Be2 Nxd2 19. Rxd2 Qa5 20. Nf5 O-O 21.
f3 Rfd8 22. Kd1 Bc3 23. bxc3 {Black resigns} 1-0